MLB
PHILADELPHIA PHILLIES @ COLORADO ROCKIES
03/12/2099
 
TOP OF THE 1ST
Philadelphia Phillies batting - Pitching for Colorado Rockies : RHP Dave Baldwin
Pitching: RHP Dave Baldwin
Batting: SHB Tim Spotton 0-0: Ball
1-0: Called Strike
1-1: Ball
2-1: Foul Ball, location: 5SF
2-2: Strikes out looking
Batting: RHB Vicente Vargas 0-0: Called Strike
0-1: Fly out, F8 (Flyball, 8RXD, EV 90.0 MPH)
Batting: SHB Pete Ray 0-0: Ball
1-0: Foul Ball, location: 2F
1-1: Ball
2-1: Called Strike
2-2: Foul Ball, location: 2F
2-2: Foul Ball, location: 3F
2-2: Foul Ball, location: 2F
2-2: Foul Ball, location: 2F
2-2: Ball
3-2: DOUBLE (Line Drive, 7LS, EV 110.0 MPH)
Batting: RHB David Schafer 0-0: Swinging Strike
0-1: Ball
1-1: Swinging Strike
1-2: Ground out 5-3 (Groundball, 5, EV 78.8 MPH)
Top of the 1st over - 0 runs, 1 hit, 0 errors, 1 left on base; Philadelphia 0 - Colorado 0
BOTTOM OF THE 1ST
Colorado Rockies batting - Pitching for Philadelphia Phillies : RHP David Hayes
Pitching: RHP David Hayes
Batting: LHB Jeremy Papish 0-0: DOUBLE (Flyball, 8RXD, EV 103.8 MPH)
Batting: RHB Kosuke Sakai 0-0: Ball
1-0: Foul Ball, location: 7LDF
1-1: Foul Ball, location: 7LMFF
1-2: Foul Ball, location: 2LF
1-2: SINGLE (Groundball, 4MD, EV 95.6 MPH)
Jeremy Papish to third
Runner from 3rd tries for Home, SAFE, throw by CF to home
Kosuke Sakai to second
Batting: LHB Jim Davis 0-0: Ball
1-0: Ball
2-0: Called Strike
2-1: Called Strike
2-2: Strikes out swinging
Batting: SHB Brian Hatcher 0-0: Called Strike
0-1: Called Strike
0-2: Foul Ball, location: 2F
0-2: Foul Ball, location: 2LF
0-2: Ball
1-2: Foul Ball, location: 7LSF
1-2: Foul Ball, location: 3SF
1-2: Strikes out looking
Batting: RHB Ricky Aguilera 0-0: Foul Ball, location: 2F
0-1: Called Strike
0-2: SINGLE (Line Drive, 78S, EV 95.6 MPH)
Kosuke Sakai to third
Batting: LHB Ivan Alcantar 0-0: Swinging Strike
0-1: Ball
1-1: Swinging Strike
1-2: Strikes out looking
Bottom of the 1st over - 1 run, 3 hits, 0 errors, 2 left on base; Philadelphia 0 - Colorado 1
TOP OF THE 2ND
Philadelphia Phillies batting - Pitching for Colorado Rockies : RHP Dave Baldwin
Batting: RHB Jason Waid 0-0: Ball
1-0: Ball
2-0: Called Strike
2-1: Ball
3-1: SOLO HOME RUN (Flyball, 7D, EV 104.4 MPH), Distance : 442 ft
Batting: RHB Mike Bedard 0-0: Swinging Strike
0-1: Foul Ball, location: 25F
0-2: Foul Ball, location: 2F
0-2: Fly out, F4 (Popup, 4, EV 52.5 MPH)
Batting: RHB Ryan Klepper 0-0: Ball
1-0: Ball
2-0: Ball
3-0: Base on Balls
Batting: RHB Aaron Marler 0-0: Fly out, F6 (Popup, 15S, EV 87.5 MPH)
Batting: RHB Jarred Giordano 0-0: Fly out, F6 (Popup, 56, EV 68.8 MPH)
Top of the 2nd over - 1 run, 1 hit, 0 errors, 1 left on base; Philadelphia 1 - Colorado 1
BOTTOM OF THE 2ND
Colorado Rockies batting - Pitching for Philadelphia Phillies : RHP David Hayes
Batting: RHB John Stevens 0-0: Fly out, F9 (Flyball, 9LD, EV 94.4 MPH)
Batting: LHB Jesus Pena 0-0: Swinging Strike
0-1: Foul Ball, location: 2LF
0-2: Ball
1-2: Strikes out swinging
Batting: LHB Dan McRae 0-0: Called Strike
0-1: Ball
1-1: Foul Ball, location: 2F
1-2: Ground out 5-3 (Groundball, 56, EV 83.1 MPH)
Bottom of the 2nd over - 0 runs, 0 hits, 0 errors, 0 left on base; Philadelphia 1 - Colorado 1
TOP OF THE 3RD
Philadelphia Phillies batting - Pitching for Colorado Rockies : RHP Dave Baldwin
Batting: SHB Tim Spotton 0-0: Ground out 6-3 (Groundball, 4M, EV 83.1 MPH)
Batting: RHB Vicente Vargas 0-0: Foul Ball, location: 9LDF
0-1: Ball
1-1: Foul Ball, location: 3SF
1-2: Foul Ball, location: 5FF
1-2: Foul Ball, location: 9LMF
1-2: SINGLE (Groundball, 4MS, EV 66.9 MPH) (infield hit)
Batting: SHB Pete Ray 0-0: Ball
1-0: Ball
2-0: Ball
3-0: Called Strike
3-1: Fielders Choice at 2nd, 2-6 (Groundball, 13S, EV 66.3 MPH)
Batting: RHB David Schafer 0-0: Swinging Strike
0-1: Foul Ball, location: 9LSF
0-2: Ball
1-2: Ball
2-2: Ball
3-2: Base on Balls
Pete Ray to second
Batting: RHB Jason Waid 0-0: Foul Ball, location: 2F
0-1: Ball
1-1: Called Strike
1-2: Foul Ball, location: 9LMF
1-2: SINGLE (Line Drive, 7LS, EV 103.8 MPH)
Pete Ray to third
David Schafer to second
Runner from 3rd tries for Home, SAFE, throw by LF to home
Batting: RHB Mike Bedard 0-0: Ball
1-0: Swinging Strike
1-1: Ball
2-1: Called Strike
2-2: Ball
3-2: Fly out, F9 (Flyball, 9LS, EV 96.9 MPH)
Top of the 3rd over - 1 run, 2 hits, 0 errors, 2 left on base; Philadelphia 2 - Colorado 1
BOTTOM OF THE 3RD
Colorado Rockies batting - Pitching for Philadelphia Phillies : RHP David Hayes
Batting: LHB Jeremy Papish 0-0: Ball
1-0: Ball
2-0: Called Strike
2-1: Ball
3-1: Base on Balls
Batting: RHB Kosuke Sakai 0-0: Ball
1-0: Ball
2-0: Foul Ball, location: 5FF
2-1: Ball
3-1: Base on Balls
Jeremy Papish to second
Batting: LHB Jim Davis 0-0: Called Strike
0-1: Called Strike
0-2: Ball
1-2: Grounds into double play, 6-4-3 (Groundball, 6, EV 84.4 MPH)
Jeremy Papish to third
Batting: SHB Brian Hatcher 0-0: Ball
1-0: Called Strike
1-1: Ball
2-1: Ball
3-1: Called Strike
3-2: Base on Balls
Batting: RHB Ricky Aguilera 0-0: Foul Ball, location: 2F
0-1: Foul Ball, location: 25FF
0-2: Fly out, F9 (Flyball, 9D, EV 108.8 MPH)
Bottom of the 3rd over - 0 runs, 0 hits, 0 errors, 2 left on base; Philadelphia 2 - Colorado 1
TOP OF THE 4TH
Philadelphia Phillies batting - Pitching for Colorado Rockies : RHP Dave Baldwin
Pitching: LHP Chris Alexander
Batting: RHB Ryan Klepper 0-0: Fly out, F4 (Popup, 4S, EV 73.8 MPH)
Batting: RHB Aaron Marler 0-0: Ball
1-0: Foul Ball, location: 5FF
1-1: Ball
2-1: Called Strike
2-2: Ground out 6-3 (Groundball, 6, EV 98.1 MPH)
Batting: RHB Jarred Giordano 0-0: Ball
1-0: Foul Ball, location: 2F
1-1: Ground out 6-3 (Groundball, 6, EV 88.8 MPH)
Top of the 4th over - 0 runs, 0 hits, 0 errors, 0 left on base; Philadelphia 2 - Colorado 1
BOTTOM OF THE 4TH
Colorado Rockies batting - Pitching for Philadelphia Phillies : RHP David Hayes
Pitching: RHP David Padron
Batting: LHB Ivan Alcantar 0-0: SINGLE (Line Drive, 3D, EV 99.4 MPH)
Batting: RHB John Stevens 0-0: Ball
1-0: Ball
2-0: Grounds into double play, 4-6-3 (Groundball, 4S, EV 81.9 MPH)
Batting: LHB Jesus Pena 0-0: Ball
1-0: Fly out, F8 (Flyball, 8LD, EV 104.4 MPH)
Bottom of the 4th over - 0 runs, 1 hit, 0 errors, 0 left on base; Philadelphia 2 - Colorado 1
TOP OF THE 5TH
Philadelphia Phillies batting - Pitching for Colorado Rockies : LHP Chris Alexander
Pitching: RHP Danny Dudley
Now at C: Josh Bell
Batting: SHB Tim Spotton 0-0: Swinging Strike
0-1: Swinging Strike
0-2: Ball
1-2: Strikes out swinging
Batting: RHB Vicente Vargas 0-0: Ball
1-0: Called Strike
1-1: Foul Ball, location: 23F
1-2: Foul Ball, location: 25F
1-2: Foul Ball, location: 2F
1-2: Ball
2-2: Ball
3-2: Foul Ball, location: 2F
3-2: Strikes out swinging
Pinch Hitting: SHB Rob Brady 0-0: Ball
1-0: Foul Ball, location: 2F
1-1: Ball
2-1: Foul Ball, location: 2F
2-2: Ball
3-2: Ground out 1-3 (Groundball, 15S, EV 69.4 MPH)
Top of the 5th over - 0 runs, 0 hits, 0 errors, 0 left on base; Philadelphia 2 - Colorado 1
BOTTOM OF THE 5TH
Colorado Rockies batting - Pitching for Philadelphia Phillies : RHP David Padron
Now at 2B: Jason Garza
Now at 3B: John Zanin
Now in LF: Colton Voeller
Now in RF: Justin Clark
Pinch Hitting: LHB Glenn Sewell 0-0: Ball
1-0: Foul Ball, location: 3DF
1-1: Ball
2-1: Foul Ball, location: 7LDF
2-2: Ball
3-2: Foul Ball, location: 2F
3-2: Foul Ball, location: 2F
3-2: Base on Balls
Batting: LHB Jeremy Papish 0-0: Ball
Glenn Sewell steals 2nd base
1-0: Called Strike
1-1: Ball
2-1: Ground out 4-3 (Groundball, 4, EV 104.4 MPH)
Glenn Sewell to third
Batting: LHB Josh Bell 0-0: Ball
1-0: Called Strike
1-1: Fielders Choice at home, 4-2 (Groundball, 4, EV 83.8 MPH)
Batting: RHB Hugo Sanchez 0-0: Ball
1-0: Ball
2-0: Called Strike
2-1: Called Strike
2-2: Ground out 6-3 (Groundball, 6S, EV 86.3 MPH)
Bottom of the 5th over - 0 runs, 0 hits, 0 errors, 1 left on base; Philadelphia 2 - Colorado 1
TOP OF THE 6TH
Philadelphia Phillies batting - Pitching for Colorado Rockies : RHP Danny Dudley
Pitching: RHP Rob Dillon
Now at 2B: Orlando Serrano
Now at SS: Mike Keatts
Batting: RHB David Schafer 0-0: Called Strike
0-1: Foul Ball, location: 2F
0-2: Strikes out looking
Batting: SHB Cesar Quinteros 0-0: Called Strike
0-1: Ball
1-1: Swinging Strike
1-2: Ball
2-2: Foul Ball, location: 7LSF
2-2: Ground out 4-3 (Groundball, 4MS, EV 93.1 MPH)
Batting: RHB Mike Bedard 0-0: Foul Ball, location: 2LF
0-1: Ball
1-1: Called Strike
1-2: Ball
2-2: Ball
3-2: Base on Balls
Batting: RHB Ryan Klepper 0-0: Called Strike
0-1: Ball
1-1: Foul Ball, location: 9LDF
1-2: Ball
2-2: Ball
3-2: Fly out, F7 (Line Drive, 7, EV 91.3 MPH)
Top of the 6th over - 0 runs, 0 hits, 0 errors, 1 left on base; Philadelphia 2 - Colorado 1
BOTTOM OF THE 6TH
Colorado Rockies batting - Pitching for Philadelphia Phillies : RHP David Padron
Pitching: RHP Erik Roth
Pinch Hitting: LHB Ken Calhoun 0-0: Called Strike
0-1: Ball
1-1: Ball
2-1: Ball
3-1: Fly out, F4 (Popup, 34D, EV 57.5 MPH)
Pinch Hitting: RHB Tony Breitling 0-0: Ground out 6-3 (Groundball, 6, EV 84.4 MPH)
Batting: RHB Orlando Serrano 0-0: Fly out, F7 (Line Drive, 7, EV 106.3 MPH)
Bottom of the 6th over - 0 runs, 0 hits, 0 errors, 0 left on base; Philadelphia 2 - Colorado 1
TOP OF THE 7TH
Philadelphia Phillies batting - Pitching for Colorado Rockies : RHP Rob Dillon
Pitching: LHP Juan Robles
Now at 1B: Tony Breitling
Now in LF: Mark Bevan
Now in CF: Ken Calhoun
Now in RF: Bill Larimer
Batting: LHB Justin Clark 0-0: Called Strike
0-1: Swinging Strike
0-2: Strikes out swinging
Batting: RHB Jarred Giordano 0-0: Ground out 4-3 (Groundball, 4, EV 103.8 MPH)
Batting: RHB John Zanin 0-0: Fly out, F7 (Flyball, 78M, EV 79.4 MPH)
Top of the 7th over - 0 runs, 0 hits, 0 errors, 0 left on base; Philadelphia 2 - Colorado 1
BOTTOM OF THE 7TH
Colorado Rockies batting - Pitching for Philadelphia Phillies : RHP Erik Roth
Now at C: Josh Hester
Pinch Hitting: RHB Mike Woodard 0-0: Foul Ball, location: 3F
0-1: Ball
1-1: Ball
2-1: Foul Ball, location: 3FF
2-2: Ball
3-2: Strikes out looking
Batting: RHB Bill Larimer 0-0: Foul Ball, location: 3FF
0-1: Ball
1-1: Ground out 5-3 (Groundball, 56, EV 93.8 MPH)
Pitching: LHP Bronson Kellerman
Batting: LHB Mike Keatts 0-0: Called Strike
0-1: Called Strike
0-2: Ball
1-2: DOUBLE (Flyball, 89XD, EV 112.5 MPH)
Pinch Hitting: RHB Tony Thomas 0-0: Ball
1-0: Called Strike
1-1: Called Strike
1-2: Strikes out swinging
Bottom of the 7th over - 0 runs, 1 hit, 0 errors, 1 left on base; Philadelphia 2 - Colorado 1
TOP OF THE 8TH
Philadelphia Phillies batting - Pitching for Colorado Rockies : LHP Juan Robles
Pitching: RHP Vinny Herrick
Now at 3B: Mike Woodard
Now in LF: Tony Thomas
Batting: SHB Colton Voeller 0-0: Ball
1-0: Called Strike
1-1: Foul Ball, location: 2F
1-2: Ball
2-2: Ball
3-2: Reached on error, E6 (Groundball, 6M, EV 79.4 MPH)
Batting: RHB Jason Garza 0-0: Ball
1-0: Fly out, F9 (Flyball, 9, EV 94.4 MPH)
Batting: RHB David Schafer 0-0: Intentional Walk
Batting: SHB Cesar Quinteros 0-0: Ball
1-0: Ball
2-0: SINGLE (Line Drive, 4D, EV 96.3 MPH)
Colton Voeller to third
David Schafer to second
Batting: RHB Mike Bedard 0-0: Ball
1-0: Ball
2-0: Ball
3-0: Base on Balls
Colton Voeller scores
David Schafer to third
Cesar Quinteros to second
Batting: RHB Ryan Klepper 0-0: Called Strike
0-1: Foul Ball, location: 7LDF
0-2: Ball
1-2: Strikes out looking
Batting: LHB Justin Clark 0-0: Called Strike
0-1: Swinging Strike
0-2: Hit by Pitch
David Schafer scores
Cesar Quinteros to third
Mike Bedard to second
Batting: RHB Josh Hester 0-0: Ball
1-0: Ball
2-0: Ball
3-0: Called Strike
3-1: Foul Ball, location: 2F
3-2: Foul Ball, location: 3SF
3-2: SINGLE (Line Drive, 78S, EV 102.5 MPH)
Cesar Quinteros scores
Mike Bedard to third
Justin Clark to second
Mike Bedard scores
Justin Clark to third
Pitching: RHP Kyle Barr
Batting: RHB John Zanin 0-0: Ball
1-0: Ball
2-0: Called Strike
2-1: Swinging Strike
2-2: Strikes out swinging
Top of the 8th over - 4 runs, 2 hits, 1 error, 2 left on base; Philadelphia 6 - Colorado 1
BOTTOM OF THE 8TH
Colorado Rockies batting - Pitching for Philadelphia Phillies : LHP Bronson Kellerman
Pitching: RHP Chris Windows
Batting: LHB Josh Bell 0-0: Ball
1-0: Foul Ball, location: 7LMF
1-1: Called Strike
1-2: Fly out, F9 (Flyball, 9, EV 86.9 MPH)
Batting: LHB Matt Beck 0-0: Fly out, F8 (Line Drive, 78M, EV 91.9 MPH)
Batting: LHB Ken Calhoun 0-0: Called Strike
0-1: Ball
1-1: Called Strike
1-2: Ball
2-2: DOUBLE (Flyball, 8LXD, EV 105.6 MPH)
Batting: RHB Tony Breitling 0-0: Called Strike
0-1: Foul Ball, location: 2F
0-2: Ball
1-2: Ball
2-2: Ball
3-2: Base on Balls
Batting: RHB Orlando Serrano 0-0: Ball
1-0: Fly out, F7 (Flyball, 78M, EV 91.3 MPH)
Bottom of the 8th over - 0 runs, 1 hit, 0 errors, 2 left on base; Philadelphia 6 - Colorado 1
TOP OF THE 9TH
Philadelphia Phillies batting - Pitching for Colorado Rockies : RHP Kyle Barr
Batting: SHB Colton Voeller 0-0: Ball
1-0: Foul Ball, location: 2RF
1-1: Ground out 3-1 (Groundball, 34, EV 100.0 MPH)
Batting: RHB Jason Garza 0-0: Swinging Strike
0-1: Foul Ball, location: 7LSF
0-2: Foul Ball, location: 23F
0-2: Ball
1-2: Strikes out looking
Batting: RHB David Schafer 0-0: Foul Ball, location: 2F
0-1: Called Strike
0-2: Ball
1-2: Fly out, F8 (Flyball, 78D, EV 88.1 MPH)
Top of the 9th over - 0 runs, 0 hits, 0 errors, 0 left on base; Philadelphia 6 - Colorado 1
BOTTOM OF THE 9TH
Colorado Rockies batting - Pitching for Philadelphia Phillies : RHP Chris Windows
Pitching: LHP Jeremy Fletcher
Batting: RHB Mike Woodard 0-0: Called Strike
0-1: Fly out, F9 (Flyball, 9D, EV 105.0 MPH)
Batting: RHB Bill Larimer 0-0: SINGLE (Line Drive, 89S, EV 100.0 MPH)
Batting: LHB Mike Keatts 0-0: Foul Ball, location: 2F
0-1: Ball
1-1: Foul Ball, location: 2F
1-2: Ball
2-2: Fly out, F8 (Flyball, 8RD, EV 104.4 MPH)
Batting: RHB Tony Thomas 0-0: Ball
1-0: Foul Ball, location: 2F
1-1: Ball
2-1: Fielders Choice at 2nd, 6-4 (Groundball, 6, EV 80.0 MPH)
Bottom of the 9th over - 0 runs, 1 hit, 0 errors, 1 left on base; Philadelphia 6 - Colorado 1
Tuesday, April 30th , 2024 - OOTP Baseball 24.11 Build 85